 Dungeon Crawl Stone Soup version 0.29-a0-757-g358383bc75 (webtiles) character file.

Game seed: 14325898191594240320

4545 crusatyr the Demonic Disaster (level 10, -7/126 HPs)
             Began as a Demonspawn Monk on July 1, 2022.
             Was a Believer of Qazlal.
             Killed from afar by a steam dragon (17 damage)
             ... with a ball of steam
             ... in a bailey.
             The game lasted 00:14:21 (8386 turns).

crusatyr the Demonic Disaster (Demonspawn Monk)     Turns: 8386, Time: 00:14:22

Health: -7/126     AC: 25    Str: 16    XL:     10   Next: 17%
Magic:  19/19      EV:  2    Int: 12    God:    Qazlal [**....]
Gold:   272        SH:  0    Dex: 15    Spells: 9/9 levels left

rFire   . . .      SeeInvis .   j - +3 whip (elec)
rCold   . . .      Faith    .   (no shield)
rNeg    + . .      Spirit   .   (body armour currently unavailable)
rPois   +          Reflect  .   (helmet currently unavailable)
rElec   .          Harm     .   (cloak currently unavailable)
rCorr   .          Rampage  .   (gloves currently unavailable)
Will    +....      NoTele   +   (boots currently unavailable)
Stlth   +.........              (no amulet)
HPRegen 0.31/turn               m - ring of willpower
MPRegen 0.32/turn               w - ring of positive energy

@: confused, tree-form, ambrosia-drunk
A: stationary, stasis, torment immunity, boosted hp, (claws 1), robust 2, magic
regeneration, (sturdy frame 2)
a: Renounce Religion, Upheaval


You were in a bailey.
You worshipped Qazlal.
Qazlal was pleased with you.
You were a tree.
You visited 1 branch of the dungeon, and saw 7 of its levels.
You also visited: Bailey.

You collected 272 gold pieces.

Inventory:

Hand Weapons
 j - a +3 whip of electrocution (weapon)
 t - a +0 flail
Missiles
 e - 8 poisoned darts (quivered)
 i - 60 stones
Armour
 h - a +1 pair of gloves (melded)
 l - a +0 chain mail (melded)
Jewellery
 m - a ring of willpower (left branch)
 w - a ring of positive energy (right branch)
 B - a +6 ring of strength
Scrolls
 f - 3 scrolls of identify
 n - 2 scrolls of poison
 o - 2 scrolls of teleportation
 r - 2 scrolls of enchant armour
 u - a scroll of magic mapping
 v - a scroll of vulnerability {unknown}
 y - a scroll of fog {unknown}
Potions
 a - 3 potions of might
 b - 4 potions of curing
 c - 2 potions of ambrosia
 d - 3 potions of brilliance
 g - 3 potions of mutation
 p - a potion of degeneration
 z - 2 potions of attraction {unknown}


   Skills:
 - Level 3.0 Fighting
 + Level 10.4 Maces & Flails
 - Level 2.6 Dodging
 - Level 1.7 Stealth
 + Level 13.0 Invocations


You had 9 spell levels left.
You didn't know any spells.
Your spell library contained the following spells:

 Spells                   Type           Power      Damage    Failure   Level
 Necrotize                Necr           0%         1d4       32%         1
 Ensorcelled Hibernation  Hex/Ice        0%         N/A       45%         2
 Passwall                 Tmut/Erth      0%         N/A       45%         2
 Poisonous Vapours        Pois/Air       0%         N/A       45%         2
 Swiftness                Air            0%         N/A       69%         3
 Vampiric Draining        Necr           0%         2d6       69%         3
 Airstrike                Air            0%         N/A       97%         4
 Corpse Rot               Necr/Pois/Air  0%         N/A       97%         4
 Summon Lightning Spire   Summ/Air       0%         N/A       97%         4
 Agony                    Necr           0%         N/A       100%        5
 Lightning Bolt           Conj/Air       0%         1d11      100%        5
 Storm Form               Tmut/Air       0%         N/A       100%        7
 Maxwell's Capacitive Co  Air            0%         ∞         100%        8


Dungeon Overview and Level Annotations

Branches:
Dungeon (7/15)             Temple (0/1) D:7          Bailey (1/1)

Altars:
Gozag
Qazlal


Innate Abilities, Weirdness & Mutations

You are a tree.
Your roots penetrate the ground, keeping you stationary.
You cannot be teleported.
You are immune to unholy pain and torment.
Your maximum health is greatly increased.
Your equipment is partially melded.
((You have sharp fingernails.))
You are very robust. (+20% HP)
You regenerate magic rapidly.
((Your movements are less encumbered by armour. (ER -4)))


Message History

The spriggan hits you with a +0 trident!
* * * LOW HITPOINT WARNING * * *
You feel better.
The steam dragon bites you but does no damage.
The steam dragon barely misses you.
The spriggan hits you with a +0 trident.
* * * LOW HITPOINT WARNING * * *
Aiming: Upheaval
Press: ? - help, Dir - move target Magma suddenly erupts from the ground!
The blast of magma engulfs the steam dragon!!
The steam dragon is almost dead.
The steam dragon breathes steam at you. The ball of steam misses you.
The spriggan barely misses you.
You hit the steam dragon but do no damage.
The steam dragon is almost dead.
The steam dragon breathes steam at you. The ball of steam hits you!
* * * LOW HITPOINT WARNING * * *
An ogre comes into view. It is wielding a +0 halberd.
Okay, then.
You feel better.
The spriggan hits you but does no damage.
The steam dragon bites you!
* * * LOW HITPOINT WARNING * * *
The steam dragon claws you.
* * * LOW HITPOINT WARNING * * *
You are confused.
You feel invigorated. The spriggan misses you. The steam dragon bites you.
* * * LOW HITPOINT WARNING * * *
The steam dragon claws you but does no damage.
Really quaff the potion of lignification?
You turn into a tree.
Your +1 pair of gloves melds into your body.
Your +0 chain mail melds into your body.
Your roots penetrate the ground.
The spriggan hits you but does no damage.
The steam dragon breathes steam at you. The ball of steam hits you!
You die...

##..##
♣..#
##..#♣
#..#
#..##
#..# #..#
..# #..#
.# #..#
#§§# #..#
#.♣##
##iD##
##≈≈#
##.O..≈i≈
#......
#.....
#####


You could see a steam dragon (catching breath), an ogre and a spriggan.

Vanquished Creatures
  A two-headed ogre (Bailey)
  Pikel (D:6)
  Eustachio (D:4)
  Menkaure (D:6)
  Edmund (D:5)
  2 water moccasins
  3 ice beasts
  An orc warrior (D:7)
  A sky beast (D:6)
  13 ogres
  2 black bears (D:5)
  2 lemures (D:6)
  A phantom (D:5)
  A bullfrog (D:7)
  A kobold brigand (D:6)
  6 scorpions
  2 necrophages
  A jelly (D:6)
  4 hounds
  A gnoll shaman (D:5)
  2 orc priests
  2 iguanas
  3 orc wizards
  6 adders
  A shadow imp (D:6)
  2 white imps (D:5)
  An ufetubus (D:5)
  A worm (D:2)
  A dart slug (D:2)
  18 orcs
  5 bats
  6 endoplasms
  3 giant cockroaches (D:2)
  2 goblins
  8 hobgoblins
  3 jackals (D:5)
  12 kobolds
  4 ball pythons
  2 frilled lizards
  8 rats
136 creatures vanquished.

Notes
Turn   | Place    | Note
-------+----------+-------------------------------------------
     0 | D:1      | crusatyr the Demonspawn Monk began the quest for the Orb.
     0 | D:1      | Reached XP level 1. HP: 18/18 MP: 1/1
    75 | D:1      | Found a faded altar of an unknown god.
   100 | D:1      | Prayed at the altar of an unknown god.
   100 | D:1      | Became a worshipper of Qazlal Stormbringer
   100 | D:1      | Reached * piety under Qazlal
   100 | D:1      | Reached ** piety under Qazlal
   423 | D:1      | Reached *** piety under Qazlal
   590 | D:1      | Gained mutation: Your movements are slightly less
                  | encumbered by armour. (ER -2) [demonic ancestry]
   590 | D:1      | Reached XP level 2. HP: 22/24 MP: 2/2
  1118 | D:2      | Reached XP level 3. HP: 29/29 MP: 3/3
  1815 | D:3      | Reached XP level 4. HP: 30/35 MP: 4/4
  2481 | D:4      | Reached skill level 1 in Invocations
  2859 | D:4      | Noticed an ogre
  2883 | D:4      | Killed an ogre
  2884 | D:4      | Reached skill level 5 in Maces & Flails
  2884 | D:4      | Reached skill level 2 in Invocations
  2884 | D:4      | Reached XP level 5. HP: 30/41 MP: 0/7
  2989 | D:4      | Reached skill level 3 in Invocations
  3081 | D:4      | Gained mutation: You regenerate magic rapidly. [demonic
                  | ancestry]
  3081 | D:4      | Reached XP level 6. HP: 13/47 MP: 8/8
  3561 | D:4      | Reached skill level 4 in Invocations
  3572 | D:4      | Noticed Eustachio
  3574 | D:4      | Killed Eustachio
  3721 | D:4      | Reached skill level 5 in Invocations
  3843 | D:4      | Gained mutation: You have sharp fingernails. [demonic
                  | ancestry]
  3843 | D:4      | Reached XP level 7. HP: 52/52 MP: 6/11
  3998 | D:5      | Entered Level 5 of the Dungeon
  4029 | D:5      | Reached skill level 6 in Invocations
  4087 | D:5      | Found a stormy altar of Qazlal.
  4316 | D:5      | Reached skill level 7 in Invocations
  4395 | D:5      | Gained mutation: Your movements are less encumbered by
                  | armour. (ER -4) [demonic ancestry]
  4395 | D:5      | Reached XP level 8. HP: 19/58 MP: 13/13
  4805 | D:5      | Reached skill level 8 in Invocations
  5252 | D:5      | Found an opulent altar of Gozag.
  5283 | D:5      | Reached skill level 9 in Invocations
  5739 | D:5      | Noticed Edmund
  5755 | D:5      | Killed Edmund
  6000 | D:6      | Noticed Menkaure
  6001 | D:6      | Killed Menkaure
  6089 | D:6      | Reached skill level 10 in Invocations
  6089 | D:6      | Gained mutation: You are robust. (+10% HP) [demonic
                  | ancestry]
  6089 | D:6      | Reached XP level 9. HP: 40/69 MP: 16/16
  7416 | D:6      | Noticed Pikel
  7418 | D:6      | Killed Pikel
  7419 | D:6      | Reached skill level 11 in Invocations
  7844 | D:7      | Reached skill level 12 in Invocations
  7874 | D:7      | Found a flagged portal.
  7893 | Bailey   | Entered a bailey
  7962 | Bailey   | Reached skill level 10 in Maces & Flails
  7974 | Bailey   | Gained mutation: You are very robust. (+20% HP) [demonic
                  | ancestry]
  7974 | Bailey   | Reached XP level 10. HP: 16/84 MP: 13/19
  8290 | Bailey   | Noticed a two-headed ogre
  8293 | Bailey   | Killed a two-headed ogre
  8301 | Bailey   | Reached skill level 13 in Invocations
  8384 | Bailey   | HP: 3/84 [steam dragon (4)]
  8386 | Bailey   | Killed from afar by a steam dragon

Illustrated notes

Levels and vault maps discovered:
D:1:      lightli_arrival_chessboard, layout_basic,
          ebering_ecumenical_altar_rust, minmay_fountain_box, bh_walls_and_bars
D:2:      layout_rooms
D:3:      layout_loops_ring, amcnicky_mini_pool_small
D:4:      layout_loops_cross, kennysheep_generic_room_3, uniq_eustachio
D:5:      minmay_skewed_foursquare, layout_cave_pods,
          nicolae_qazlal_scattered_showers, mainiacjoe_overflow_six_doors_small,
          minmay_misc_feat_square, uniq_edmund
D:6:      layout_loops_corners, roderic_roman_lattice, uniq_menkaure, uniq_pikel
D:7:      dreamdust_elfheim, layout_cave_pools, kiku_gazebo_garden_becter,
          minmay_temple_entry_fiery, enter_bailey_2, minmay_quadrilaterals
Bailey:   bailey_polearm_enchanted_keep_hellmonk, bailey

Skill      XL: |  1  2  3  4  5  6  7  8  9 10 |
---------------+-------------------------------+-----
Maces & Flails | 3 4 5 6 7 8 10 | 10.4
Invocations    | 2 3 5 7 10 12 13 | 13.0
Fighting       | |  3.0
Dodging        | |  2.6
Stealth        | |  1.7

Action                   |  1- 3 |  4- 6 |  7- 9 | 10-12 || total
-------------------------+-------+-------+-------+-------++-------
Melee: Mace              |   104 |     5 |       |       ||   109
       Punch             |     1 |     1 |     6 |       ||     8
       Flail             |       |    85 |   240 |       ||   325
       Whip              |       |       |    61 |    13 ||    74
Invok: Upheaval          |       |     5 |    13 |     3 ||    21
  Use: Potion            |       |       |     3 |     4 ||     7
       Scroll            |       |       |    13 |       ||    13
Armor: Robe              |     5 |       |       |       ||     5
       Ring mail         |    23 |    21 |    19 |       ||    63
       Chain mail        |       |       |    80 |     4 ||    84
       Skin              |       |       |       |     1 ||     1
Dodge: Dodged            |    58 |    49 |   127 |    12 ||   246
Block: Other             |    17 |    16 |    34 |     1 ||    68

Table legend: (Time is in decaauts)
 A = Elapsed time spent in this place.
 B = Non-inter-level travel time spent in this place.
 C = Inter-level travel time spent in this place.
 D = Time resting spent in this place.
 E = Time spent auto-exploring this place.
 F = Levels seen in this place.
 G = Mean time per level.
                   A        B        C        D        E       F      G
               +--------+--------+--------+--------+--------+-----+--------+
         Total |   8394 |   8024 |    370 |   1731 |   5040 |   8 | 1049.2 |
       Dungeon |   7905 |   7535 |    370 |   1402 |   4934 |   7 | 1129.3 |
        Bailey |    489 |    489 |      0 |    329 |    106 |   1 |  489.0 |
               +--------+--------+--------+--------+--------+-----+--------+

Top non-repeatable levels by time:
     D:5: 1882 daAuts
     D:4: 1676 daAuts
     D:6: 1651 daAuts
     D:1: 939 daAuts
     D:3: 859 daAuts
     D:2: 680 daAuts
  Bailey: 489 daAuts
     D:7: 216 daAuts
